 Dungeon Crawl Stone Soup version 0.29.0-15-g675c0067aa (webtiles) character file.

Game seed: 1035852269011909439

553 qw the Chopper (level 7, -6/43 HPs)
             Began as a Gargoyle Fighter on Sept 12, 2022.
             Killed from afar by Pikel (15 damage)
             ... with a bolt of dispelling energy
             ... on level 4 of the Dungeon.
             The game lasted 00:01:25 (4128 turns).

qw the Chopper (Gargoyle Fighter)                   Turns: 4128, Time: 00:01:25

Health: -6/43      AC: 13    Str: 21    XL:     7   Next: 29%
Magic:  7/7        EV:  9    Int:  9    God:
Gold:   234        SH:  9    Dex:  9    Spells: 6/6 levels left

rFire   . . .      SeeInvis .   Y - +0 war axe
rCold   . . .      Faith    .   c - +0 buckler
rNeg    + . .      Spirit   .   b - +0 scale mail
rPois   inf        Reflect  +   h - +0 helmet
rElec   +          Harm     .   n - +0 cloak
rCorr   .          Rampage  .   (no gloves)
Will    .....                   (no boots)
Stlth   ..........              g - amulet of reflection
HPRegen 0.14/turn               (no ring)
MPRegen 0.10/turn               (no ring)

@: no status effects
A: sickness immunity, AC +4, negative energy resistance 1, electricity
resistance, torment resistance 1, petrification resistance
a: no special abilities


You were on level 4 of the Dungeon.
You visited 1 branch of the dungeon, and saw 4 of its levels.

You collected 234 gold pieces.


Innate Abilities, Weirdness & Mutations

You are immune to sickness and miasma.
Your stone body is resilient. (AC +4)
You are immune to poison.
You resist negative energy. (rN+)
You are resistant to electric shocks. (rElec)
You are resistant to unholy torment.
You are immune to petrification.


   Skills:
 - Level 4.1 Fighting
 + Level 6.4 Axes
 - Level 3.2 Armour
 - Level 1.5 Dodging
 - Level 3.2 Shields


You had 6 spell levels left.
You didn't know any spells.
Your spell library was empty.

Inventory:

Hand Weapons
 f - a +0 whip
 Y - a +0 war axe (weapon)
Armour
 a - a +0 chain mail
 b - a +0 scale mail (worn)
 c - a +0 buckler (worn)
 h - a +0 helmet (worn)
 l - a +0 plate armour
 n - a +0 cloak (worn)
Jewellery
 g - an amulet of reflection (around neck)
Scrolls
 j - a scroll of identify
Potions
 d - a potion of might
 e - 2 potions of curing
 i - a potion of heal wounds
 k - a potion of haste {unknown}

Dungeon Overview and Level Annotations

Branches:
Dungeon (4/15)
 Temple: D:4-7

Altars:
Gozag
Zin

Shops:
D:3 (

Annotations:
D:4 Pikel


Message History

Pikel is heavily wounded.
You closely miss the lemure. Pikel hits you but does no damage.
The lemure hits you. x2
Pikel hits you with a +0 whip of freezing.
Pikel freezes you.
3890 ||| READING scroll of teleportation.
As you read the scroll of teleportation, it crumbles to dust.
You feel strangely unstable. Pikel hits you but does no damage.
The lemure hits you but does no damage.
3891 ||| DRINKING 2 potions of heal wounds.
You feel much better. Pikel hits you but does no damage.
The lemure hits you but does no damage.
You hit Pikel but do no damage.
Pikel is heavily wounded.
You closely miss the lemure.
Your surroundings suddenly seem different.
You start resting.
HP restored.
You see here a scroll of poison.
You see here a +0 ring mail.
You see here a +0 ring mail.
There is a stone staircase leading up here.
There is a stone staircase leading down here.
Found a robe.
You see here 7 stones.
Pikel shouts!
The lemure shouts! x2
You hit Pikel.
Pikel is lightly wounded.
Pikel zaps a wand.
The bolt of dispelling energy hits you!
You hit Pikel.
Pikel is lightly wounded.
Pikel hits you but does no damage.
You hit Pikel but do no damage.
Pikel is lightly wounded.
You block Pikel's attack.
You barely miss Pikel.
Pikel is lightly wounded.
Pikel zaps a wand.
The bolt of dispelling energy hits you!
Pikel zaps a wand.
The bolt of dispelling energy hits you!
You die...

#.. #.# # #.#
#.####### ...
........#### #.#
...#.........
#.#
....#.###5#### #
###.#5..... #.#
#. #.#@K5....#
#K# #.##
#.####.........#
..###.#
.###########
#.#.## #.....
#.## #.###. #.#
#.>... ####.#
#.....
##.##.#### #####
##.#.#
##...#.##.#
#~~~# ###....


You could see Pikel and 2 lemures.

Vanquished Creatures
  Sigmund (D:4)
  2 lemures (D:4)
  A kobold brigand (D:3)
  3 scorpions
  2 orc wizards (D:3)
  2 adders (D:3)
  An ufetubus (D:4)
  A worm (D:3)
  A dart slug (D:3)
  5 orcs
  5 bats
  9 endoplasms
  2 giant cockroaches
  7 goblins
  6 hobgoblins
  3 jackals (D:1)
  3 quokkas
  4 ball pythons
  2 frilled lizards
  5 kobolds
  7 rats
72 creatures vanquished.

Vanquished Creatures (others)
  A fungus (D:4)
1 creature vanquished.

Grand Total: 73 creatures vanquished

Notes
Turn   | Place    | Note
-------+----------+-------------------------------------------
     0 | D:1      | qw the Gargoyle Fighter began the quest for the Orb.
     0 | D:1      | Reached XP level 1. HP: 14/14 MP: 1/1
     0 | D:1      | 0 ||| qw: Version: 0.1-a-119-g272c26d
     0 | D:1      | 0 ||| qw: Game counter: 11030
     0 | D:1      | 0 ||| qw: Always use a shield: true
     0 | D:1      | 0 ||| qw: God list: Okawaru
     0 | D:1      | 0 ||| qw: Allow faded altars: false
     0 | D:1      | 0 ||| qw: Do Orc after D:15 true
     0 | D:1      | 0 ||| qw: Do second Lair branch before Depths: true
     0 | D:1      | 0 ||| qw: Lair rune preference: random
     0 | D:1      | 0 ||| qw: Plans: Normal, Zot, God:TSO, Crypt, Tomb, Pan,
                  | Slime, Hells, Zig, Abyss, Orb
     0 | D:1      | 0 ||| PLANNING D:1-11
    39 | D:1      | Reached skill level 2 in Axes
   341 | D:1      | 341 ||| Stepping ~*~*~tactically~*~*~ (stealth).
   343 | D:1      | 343 ||| Stepping ~*~*~tactically~*~*~ (stealth).
   378 | D:1      | Reached XP level 2. HP: 15/19 MP: 2/2
   465 | D:1      | 465 ||| Stepping ~*~*~tactically~*~*~ (stealth).
   788 | D:1      | 788 ||| Stepping ~*~*~tactically~*~*~ (stealth).
   790 | D:1      | 790 ||| Stepping ~*~*~tactically~*~*~ (stealth).
   943 | D:1      | Reached skill level 3 in Axes
  1162 | D:1      | Reached XP level 3. HP: 23/23 MP: 3/3
  1309 | D:1      | 1309 ||| UPGRADING to +0 helmet.
  1314 | D:1      | 1314 ||| READING scroll labelled MOQACW IKHUUF.
  1317 | D:1      | 1317 ||| READING scroll labelled LICWAXZYPOO.
  1318 | D:1      | 1318 ||| DRINKING 2 inky potions.
  1319 | D:1      | 1319 ||| DRINKING 2 smoky dark potions.
  1320 | D:1      | 1320 ||| DROPPING potion of magic.
  1321 | D:1      | 1321 ||| DROPPING potion of brilliance.
  1349 | D:2      | Found a faded altar of an unknown god.
  1625 | D:2      | 1625 ||| DROPPING +0 club.
  1726 | D:2      | Found a glowing silver altar of Zin.
  1856 | D:2      | 1856 ||| Stepping ~*~*~tactically~*~*~ (stealth).
  1857 | D:2      | 1857 ||| Stepping ~*~*~tactically~*~*~ (stealth).
  2338 | D:2      | 2338 ||| UPGRADING to +0 cloak.
  2343 | D:2      | 2343 ||| READING scroll labelled TYGO ECOTEATUO.
  2344 | D:2      | 2344 ||| READING scroll labelled SUEVICV LYLEE.
  2345 | D:2      | 2345 ||| READING 3 scrolls labelled FIJOPTYL AGEPS.
  2346 | D:2      | 2346 ||| READING scroll labelled XESANA XECIUG.
  2347 | D:2      | 2347 ||| DRINKING 2 puce potions.
  2348 | D:2      | 2348 ||| READING 2 scrolls of identify.
  2348 | D:2      | 2348 ||| IDENTIFYING sedimented coppery potion
  2349 | D:2      | 2349 ||| DROPPING potion of invisibility.
  2364 | D:3      | 2364 ||| Stepping ~*~*~tactically~*~*~ (hiding).
  2417 | D:3      | Found Puyp's Antique Weapon Boutique.
  2483 | D:3      | 2483 ||| Stepping ~*~*~tactically~*~*~ (stealth).
  2484 | D:3      | 2484 ||| Stepping ~*~*~tactically~*~*~ (stealth).
  2485 | D:3      | 2485 ||| Stepping ~*~*~tactically~*~*~ (stealth).
  2541 | D:3      | 2541 ||| Stepping ~*~*~tactically~*~*~ (stealth).
  2551 | D:3      | Reached XP level 4. HP: 27/28 MP: 4/4
  2584 | D:3      | Reached skill level 4 in Axes
  2602 | D:3      | Noticed a kobold brigand
  2603 | D:3      | 2603 ||| Stepping ~*~*~tactically~*~*~ (stealth).
  2631 | D:3      | Killed a kobold brigand
  2632 | D:3      | Reached XP level 5. HP: 10/32 MP: 5/5
  2948 | D:3      | Reached skill level 5 in Axes
  2953 | D:3      | 2953 ||| DRINKING potion of curing.
  2953 | D:3      | 2953 ||| (to cure confusion)
  3067 | D:3      | Found an opulent altar of Gozag.
  3123 | D:3      | 3123 ||| UPGRADING to amulet of reflection.
  3128 | D:3      | 3128 ||| READING scroll labelled UFAIGG NUAXT.
  3129 | D:3      | 3129 ||| READING scroll labelled PUP UMUPPERCH.
  3130 | D:3      | 3130 ||| READING 2 scrolls of identify.
  3130 | D:3      | 3130 ||| IDENTIFYING viscous yellow potion
  3131 | D:3      | 3131 ||| DROPPING potion of flight.
  3145 | D:4      | 3145 ||| STAIRDANCE
  3155 | D:3      | Reached skill level 1 in Dodging
  3155 | D:3      | Reached XP level 6. HP: 18/38 MP: 6/6
  3718 | D:4      | Noticed Sigmund
  3726 | D:4      | Killed Sigmund
  3727 | D:4      | Reached skill level 6 in Axes
  3727 | D:4      | Reached XP level 7. HP: 42/43 MP: 7/7
  3865 | D:4      | 3865 ||| Stepping ~*~*~tactically~*~*~ (stealth).
  3878 | D:4      | Noticed Pikel
  3889 | D:4      | HP: 10/43 [Pikel/+0 whip of freezing (3)]
  3890 | D:4      | 3890 ||| READING scroll of teleportation.
  3891 | D:4      | 3891 ||| DRINKING 2 potions of heal wounds.
  4128 | D:4      | HP: 9/43 [Pikel/bolt of dispelling energy (17)]
  4128 | D:4      | Killed from afar by Pikel

Levels and vault maps discovered:
D:1:      eino_arrival_water_star, layout_loops_ring, minmay_strange_pillars
D:2:      layout_basic, hellmonk_ecumenical_altar_pennies_from_heaven,
          basic_altar, st_stairs_9, minivault_11, minmay_box_of_dots
D:3:      layout_rooms, general_overflow_altar, serial_shops,
          nicolae_diamond_shop
D:4:      layout_loops_corners, mainiacjoe_overflow_large_starburst,
          serial_aquarium, aquarium_bridge_square [aquarium_subvault_wall,
          aquarium_subvault_wall, aquarium_subvault_bridge,
          aquarium_subvault_wall], aquarium_window_1, aquarium_window_1,
          aquarium_view_2e, aquarium_view_2c, aquarium_pool_split, uniq_sigmund,
          uniq_crazy_yiuf_cottage, uniq_grinder, uniq_pikel

Skill      XL: |  1  2  3  4  5  6 |
---------------+-------------------+-----
Axes           | 2 3 4 5 6 |  6.4
Fighting       | 4 |  4.1
Dodging        | 1 |  1.5
Armour         | |  3.2
Shields        | |  3.2

Action                   |  1- 3 |  4- 6 |  7- 9 || total
-------------------------+-------+-------+-------++-------
Melee: War axe           |   155 |    90 |    39 ||   284
  Use: Scroll            |     7 |     3 |     1 ||    11
       Potion            |     3 |     1 |     1 ||     5
Armor: Scale mail        |    82 |    43 |    22 ||   147
Dodge: Dodged            |    75 |    29 |    10 ||   114
Block: Buckler           |    34 |    29 |    19 ||    82
       Reflection        |       |     2 |       ||     2

Table legend:
 A = Non-vault XP
 B = Vault XP
 C = Vault XP percentage of total XP
 D = Non-vault monster count
 E = Vault monster count
 F = Vault count percentage of total count
                 A         B        C        D         E       F
            +---------+---------+-------+---------+---------+-------
      Total |     573 |     218 |  27.6 |      66 |       4 |   5.7
            +---------+---------+-------+---------+---------+-------
        D:1 |      37 |       0 |   0.0 |      23 |       0 |   0.0
        D:2 |      25 |       4 |  13.8 |      13 |       3 |  18.8
        D:3 |     320 |       0 |   0.0 |      22 |       0 |   0.0
        D:4 |     191 |     214 |  52.8 |       8 |       1 |  11.1
            +---------+---------+-------+---------+---------+-------
